 Dungeon Crawl Stone Soup version 0.32-a0-468-g38b2580584 (webtiles) character file.

Game seed: 673758524272975737

844 ezpacito the Trooper (level 7, -8/49 HPs)
             Began as a Demonspawn Chaos Knight on Feb 24, 2024.
             Was a Plaything of Xom.
             Mangled by Dowan
             ... wielding a +3 dagger of electrocution
              (17 damage)
             ... on level 5 of the Dungeon.
             The game lasted 00:07:18 (3825 turns).

ezpacito the Trooper (Demonspawn Chaos Knight)      Turns: 3825, Time: 00:07:19

Health: -8/49      AC: 23    Str: 12    XL:     7   Next: 68%
Magic:  9/9        EV: 10    Int: 15    God:    Xom [....*.]
Gold:   315        SH:  5    Dex: 16    Spells: 2/9 levels left

rFire   . . .        a - +0 hand axe (chaos)
rCold   . . .        (no shield)
rNeg    . . .        j - +4 scale mail
rPois   .            (no helmet)
rElec   .            o - +0 cloak
rCorr   .            A - +0 pair of gloves
SInv    .            k - +0 pair of boots
Will    +....        b - amulet of reflection
Stlth   +            s - +6 ring of intelligence
HPRegen 0.28/turn    (no ring)
MPRegen 0.11/turn

%: reflection
@: sanguine armoured
A: hooves 1, sanguine armour 2, demonic magic 2, agile 1, dopey 1, frail 1,
strong-willed 1, screaming 1, weak 1, evolution 2
a: Renounce Religion


You were on level 5 of the Dungeon.
You worshipped Xom.
You were a beloved toy of Xom.
You visited 1 branch of the dungeon, and saw 5 of its levels.

You collected 315 gold pieces.

Inventory:

Hand Weapons
 a - a +0 hand axe of chaos (weapon)
 B - a +0 war axe
Missiles
 d - 6 javelins
 n - 6 datura-tipped darts (quivered)
 r - 10 poisoned darts
Armour
 j - a +4 scale mail (worn)
 k - a +0 pair of boots (worn)
 m - a +0 helmet
 o - a +0 cloak (worn)
 x - a +0 plate armour
 A - a +0 pair of gloves (worn)
Jewellery
 b - an amulet of reflection (around neck)
 s - a +6 ring of intelligence (left hand)
 t - an amulet of regeneration
Wands
 i - a wand of flame (15)
 q - a wand of acid (5)
Scrolls
 f - a scroll of teleportation
 u - a scroll of amnesia
Potions
 g - a potion of attraction
 h - a potion of brilliance


   Skills:
 * Level 4.5 Fighting
 * Level 3.8 Axes
 + Level 1.1 Throwing
 * Level 3.5 Armour
 * Level 2.9 Dodging
 + Level 1.6 Stealth
 * Level 2.4 Unarmed Combat
 + Level 1.5 Spellcasting
 + Level 0.9 Summonings
 * Level 1.9 Necromancy
 + Level 1.1 Alchemy
 + Level 1.3 Evocations


You had 2 spell levels left.
You knew the following spells:

 Your Spells              Type           Power      Damage    Failure   Level
a - Cigotuvi's Dreadful   Necr/Alch/Air  8%         N/A       75%         2
b - Martyr's Knell        Necr/Summ      5%         N/A       99%         4
c - Apportation           Tloc           2%         N/A       75%         1

Your spell library contained the following spells:

 Spells                   Type           Power      Damage    Failure   Level
 Jinxbite                 Hex            2%         N/A       86%         2
 Dispel Undead            Necr           6%         3d8       99%         4
 Vhi's Electric Charge    Tloc/Air       2%         N/A       100%        4
 Alistair's Intoxication  Alch           2%         N/A       100%        5
 Arcjolt                  Conj/Air       0%         1d10      100%        5
 Death Channel            Necr           3%         N/A       100%        6
 Maxwell's Capacitive Co  Air            0%         ∞         100%        8


Dungeon Overview and Level Annotations

Branches:
Dungeon (5/15)
 Temple: D:4-7

Altars:
Cheibriados
Hepliaklqana
Qazlal
Vehumet
Wu Jian
Xom

Shops:
D:2 !

Annotations:
D:5 Dowan, Duvessa


Innate Abilities, Weirdness & Mutations

You have large cloven feet.
When seriously injured, your blood forms thick armour. (AC +9)
Spells you cast may paralyse nearby enemies.
You are agile. (Dex +4, Str/Int -1)
You are dopey. (Int -2)
You are frail. (-10% HP)
You are strong-willed. (Will+)
You occasionally shout uncontrollably at your foes.
You are weak. (Str -2)
You have great hidden genetic potential.


Message History

Press: ? - help, Shift-Dir - straight line, f - Dowan
Aim: Dowan, wielding a +3 dagger of electrocution and wearing a +0 robe (weak-willed, 56% to hit)
Okay, then.
Aiming: Corrosive Bolt
Press: ? - help, Shift-Dir - straight line, f - Dowan
Aim: Dowan, wielding a +3 dagger of electrocution and wearing a +0 robe (weak-willed, 60% to hit)
The bolt of acid hits Dowan!!
The acid corrodes Dowan!
Dowan is severely wounded.
Your butterfly disappears in a burst of colours!
You miss Dowan.
Dowan is severely wounded.
Dowan casts a spell at you.
The puff of frost hits you but does no damage.
You hit Dowan.
Dowan is almost dead.
Dowan points at you and mumbles some strange words.
The puff of flame hits you!
You closely miss Dowan.
Dowan is almost dead.
You block Dowan's attack.
Unknown command.
You closely miss Dowan.
Dowan is almost dead.
Dowan barely misses you.
Hit: a) +0 hand axe (chaos)
Press: ? - help, Dir - move target, f/p - Dowan
Aim: Dowan, wielding a +3 dagger of electrocution and wearing a +0 robe (almost dead, covered in acid, about 46% to evade your +0 hand axe of chaos)
Okay, then.
Aiming: Corrosive Bolt
Press: ? - help, Shift-Dir - straight line, f - Duvessa, p - Dowan
Aim: Duvessa, wielding a +0 short sword and wearing a +0 leather armour (heavily wounded, 75% to hit)
The bolt of acid hits Duvessa!
The acid corrodes Duvessa!
Duvessa is severely wounded.
Duvessa hits you but does no damage. Dowan barely misses you.
You barely miss Duvessa.
Duvessa is severely wounded.
You miss Dowan. Duvessa hits you with a +0 short sword!
* * * LOW HITPOINT WARNING * * *
Dowan hits you but does no damage.
You are electrocuted!
You die...

#........# #.#[##.#..
#..b.b...# #.#####.#.
####.....b..#
#.#...###.
.....bb.....# ######
#...#..#..
......b.[bbb# #....#
##.###...#
.......bbbbb# #....#
### #####
........bbbb###....#
.......#.bbbb##....#
..be.b.####bb##.@..#
.b...#...##..b#ee.(# #
.....###.####.#....##
. .....# .# #.......#
##. .....# . #.......#
##.. †....## #
#.#....### #######...
........
...........#.........
########
#########.............
....... #.###.........


You could see Duvessa (corroded) and Dowan (corroded).

Vanquished Creatures
  2 sky beasts (D:5)
  A black bear (D:5)
  An ogre (D:4)
  A scorpion (D:4)
  A howler monkey (D:5)
  2 hounds
  A jelly (D:5)
  Jessica (D:3)
  Terence (D:2)
  Natasha (twice) (D:2)
  An orc wizard (D:5)
  Robin (D:2)
  4 gnolls (D:3)
  5 adders
  2 dart slugs
  3 ribbon worms
  14 orcs
  5 ball pythons
  6 bats
  8 endoplasms
  5 giant cockroaches
  16 goblins
  9 hobgoblins
  A quokka (D:2)
  9 kobolds
  2 rats (D:2)
104 creatures vanquished.

Vanquished Creatures (collateral kills)
  2 goblins (D:4)
  A quokka (D:4)
3 creatures vanquished.

Vanquished Creatures (others)
  A vampire (D:5)
  A centaur (D:5)
  A hound (D:5)
  A kobold zombie (D:2)
4 creatures vanquished.

Grand Total: 111 creatures vanquished

Notes
Turn   | Place    | Note
-------+----------+-------------------------------------------
     0 | D:1      | ezpacito the Demonspawn Chaos Knight began the quest for
                  | the Orb.
     0 | D:1      | Reached XP level 1. HP: 18/18 MP: 1/1
    97 | D:1      | Reached skill level 1 in Dodging
   170 | D:1      | Gained mutation: Spells you cast may paralyse adjacent
                  | enemies. [demonic ancestry]
   170 | D:1      | Reached XP level 2. HP: 24/24 MP: 2/2
   295 | D:1      | XOM: silly message
   304 | D:1      | XOM: divination: detect items
   354 | D:1      | XOM: silly message
   519 | D:1      | XOM: silly message
   674 | D:1      | XOM: silly message
   937 | D:1      | XOM: silly message
  1065 | D:2      | Noticed Natasha
  1066 | D:2      | Gained mutation: When seriously injured, your blood forms
                  | armour. (AC +9) [demonic ancestry]
  1066 | D:2      | Reached XP level 3. HP: 29/29 MP: 3/3
  1069 | D:2      | XOM: potion effect (might)
  1070 | D:2      | XOM: potion effect (invisibility)
  1071 | D:2      | Noticed Terence
  1071 | D:2      | XOM: potion effect (invisibility)
  1074 | D:2      | XOM: potion effect (invisibility)
  1076 | D:2      | Killed Natasha
  1081 | D:2      | Noticed Natasha
  1083 | D:2      | Killed Terence
  1084 | D:2      | Gained mutation: Spells you cast may paralyse nearby
                  | enemies. [demonic ancestry]
  1084 | D:2      | Reached XP level 4. HP: 13/35 MP: 4/4
  1090 | D:2      | Killed Natasha
  1091 | D:2      | Reached skill level 1 in Unarmed Combat
  1481 | D:2      | Found Qyiturut's Distillery.
  1577 | D:2      | Found an ornate altar of the Wu Jian Council.
  1577 | D:2      | Noticed Robin
  1603 | D:2      | Reached XP level 5. HP: 27/42 MP: 6/6
  1612 | D:2      | XOM: divination: magic mapping
  1613 | D:2      | Killed Robin
  1829 | D:3      | Noticed Jessica
  1830 | D:3      | XOM: cleaving
  1860 | D:3      | Killed Jessica
  1861 | D:3      | Reached skill level 1 in Stealth
  1861 | D:3      | Reached skill level 1 in Spellcasting
  2125 | D:3      | XOM: god gift: 36 gold pieces
  2200 | D:3      | Learned a level 2 spell: Cigotuvi's Dreadful Rot
  2205 | D:3      | Learned a level 4 spell: Martyr's Knell
  2289 | D:3      | XOM: divination: detect creatures
  2294 | D:3      | XOM: give mutations
  2294 | D:3      | Gained mutation: You occasionally lose the ability to read
                  | scrolls when taking damage. [Xom's mischief]
  2294 | D:3      | Gained mutation: You have an increased reservoir of magic.
                  | (+10% MP) [Xom's mischief]
  2294 | D:3      | Gained mutation: You have hidden genetic potential. [Xom's
                  | mischief]
  2294 | D:3      | Gained mutation: You have a pair of small antennae on your
                  | head. [Xom's mischief]
  2392 | D:4      | Noticed an ogre
  2406 | D:4      | Killed an ogre
  2407 | D:4      | Reached skill level 4 in Fighting
  2407 | D:4      | Gained mutation: When seriously injured, your blood forms
                  | thick armour. (AC +9) [demonic ancestry]
  2407 | D:4      | Reached XP level 6. HP: 48/48 MP: 8/8
  2505 | D:4      | XOM: god gift: plate armour {god gift}
  2539 | D:4      | XOM: god gift: potion of curing
  2634 | D:4      | Gained mutation: Your natural rate of healing is unusually
                  | fast. [hidden potential]
  2727 | D:4      | Reached skill level 1 in Necromancy
  2727 | D:4      | Reached skill level 1 in Evocations
  2816 | D:4      | XOM: scenery: create altars
  3059 | D:4      | Learned a level 1 spell: Apportation
  3071 | D:5      | Entered Level 5 of the Dungeon
  3076 | D:5      | Found a radiant altar of Vehumet.
  3083 | D:5      | Found a stormy altar of Qazlal.
  3083 | D:5      | Noticed a sky beast
  3100 | D:5      | Killed a sky beast
  3105 | D:5      | Killed a sky beast
  3106 | D:5      | Gained mutation: You have large cloven feet. [demonic
                  | ancestry]
  3106 | D:5      | Reached XP level 7. HP: 26/54 MP: 9/9
  3192 | D:5      | Noticed a vampire
  3199 | D:5      | Lost mutation: Your natural rate of healing is unusually
                  | fast. [potion of mutation]
  3199 | D:5      | Lost mutation: You have an increased reservoir of magic.
                  | (+10% MP) [potion of mutation]
  3199 | D:5      | Lost mutation: You occasionally lose the ability to read
                  | scrolls when taking damage. [potion of mutation]
  3199 | D:5      | Gained mutation: You are dopey. (Int -2) [potion of
                  | mutation]
  3199 | D:5      | Gained mutation: You are weak. (Str -2) [potion of
                  | mutation]
  3199 | D:5      | Gained mutation: You are agile. (Dex +4, Str/Int -1)
                  | [potion of mutation]
  3199 | D:5      | Gained mutation: You are strong-willed. (Will+) [potion of
                  | mutation]
  3200 | D:5      | HP: 2/54 [centaur (7)]
  3201 | D:5      | Killed a vampire
  3201 | D:5      | XOM: divine lightning
  3441 | D:5      | Reached skill level 1 in Throwing
  3444 | D:5      | XOM: silly message
  3456 | D:5      | Reached skill level 1 in Alchemy
  3472 | D:5      | XOM: god gift: scroll labelled GEAFASTR ZAPLOC {god gift}
  3522 | D:5      | Found a snail-covered altar of Cheibriados.
  3522 | D:5      | Found a hazy altar of Hepliaklqana.
  3606 | D:5      | XOM: give mutations
  3606 | D:5      | Lost mutation: You have a pair of small antennae on your
                  | head. [Xom's mischief]
  3606 | D:5      | Gained mutation: You have great hidden genetic potential.
                  | [Xom's mischief]
  3606 | D:5      | Gained mutation: You are frail. (-10% HP) [Xom's mischief]
  3606 | D:5      | Gained mutation: You occasionally shout uncontrollably at
                  | your foes. [Xom's mischief]
  3753 | D:5      | XOM: divine lightning
  3756 | D:5      | Noticed Duvessa
  3758 | D:5      | Noticed Dowan
  3825 | D:5      | Mangled by Dowan

Illustrated notes

Levels and vault maps discovered:
D:1:      scummos_arrival_checkerplants, layout_basic
D:2:      layout_basic, serial_shops, shop, basic_altar, uniq_natasha,
          uniq_terence, uniq_robin
D:3:      layout_rooms, kennysheep_generic_room_16, uniq_jessica
D:4:      layout_loops_ring
D:5:      layout_rooms, nicolae_qazlal_beasts_of_the_sky, lemuel_round_altar,
          gammafunk_temple_overflow_wave, lemuel_coloured_pillars_altar,
          minmay_small_thing, uniq_duvessa

Skill      XL: |  1  2  3  4  5  6  7 |
---------------+----------------------+-----
Dodging        | 1 2 |  2.9
Armour         | 2 3 |  3.5
Axes           | 3 |  3.8
Unarmed Combat | 1 2 |  2.4
Stealth        | 1 |  1.6
Spellcasting   | 1 |  1.5
Fighting       | 4 |  4.5
Necromancy     | 1 |  1.9
Evocations     | 1 |  1.3
Throwing       | 1 |  1.1
Alchemy        | 1 |  1.1
Summonings     | |  0.9

Action                     |  1- 3 |  4- 6 |  7- 9 || total
---------------------------+-------+-------+-------++-------
  Melee: Hand axe          |    72 |   226 |   100 ||   398
  Evoke: Wand              |       |       |     2 ||     2
    Use: Potion            |       |     4 |     5 ||     9
         Scroll            |       |     2 |     8 ||    10
   Stab: Sleeping          |     1 |       |       ||     1
         Paralysed         |     1 |     3 |       ||     4
         Petrified         |       |     8 |    11 ||    19
         Held in net/web   |       |     2 |       ||     2
         Confused          |       |     2 |     2 ||     4
         Petrifying        |       |       |     1 ||     1
 Armour: Leather armour    |    48 |     6 |       ||    54
         Scale mail        |       |   164 |   118 ||   282
  Dodge: Dodged            |    48 |    95 |    68 ||   211
  Block: Other             |       |    38 |    32 ||    70

Table legend: (Time is in decaauts)
 A = Elapsed time spent in this place.
 B = Non-inter-level travel time spent in this place.
 C = Inter-level travel time spent in this place.
 D = Time resting spent in this place.
 E = Time spent auto-exploring this place.
 F = Levels seen in this place.
 G = Mean time per level.
                   A        B        C        D        E       F      G
               +--------+--------+--------+--------+--------+-----+--------+
         Total |   3878 |   3760 |    118 |    242 |   2585 |   5 |  775.6 |
       Dungeon |   3878 |   3760 |    118 |    242 |   2585 |   5 |  775.6 |
               +--------+--------+--------+--------+--------+-----+--------+

Top non-repeatable levels by time:
     D:1: 976 daAuts
     D:2: 865 daAuts
     D:5: 767 daAuts
     D:4: 701 daAuts
     D:3: 567 daAuts
